Login

Cleveland Monsters vs Charlotte Checkers

Created - 15 April 2024 at 23:08

Goals
1 2 3 T
Cleveland Monsters 0 0 1 1
Charlotte Checkers 1 2 5 8
Shots
1 2 3 T
Cleveland Monsters 3 8 13 24
Charlotte Checkers 4 18 11 33

GoalsPenalties
1st period
1. Charlotte Checkers , Riley Barber 6 (Rocco Grimaldi 9) at 17:34
Alexander True (CHA) for Slashing (Minor) at 0:35
2nd period
2. Charlotte Checkers , Zac Dalpe 12 (William Lockwood 12) at 14:30
3. Charlotte Checkers , William Lockwood 5 (Frederic Allard 5, Zac Dalpe 19) at 14:36
Tim Berni (CLE) for Slashing (Minor) at 3:19
Billy Sweezey (CLE) for Holding (Minor) at 18:38
3rd period
4. Charlotte Checkers , Austin Strand 4 (Jonah Gadjovich 12) at 0:04 (PP)
5. Cleveland Monsters , Trey Fix-Wolansky 10 (Tim Berni 6, Damien Giroux 15) at 1:05
6. Charlotte Checkers , Alexander True 3 (Riley Barber 7, Rocco Grimaldi 10) at 4:33
7. Charlotte Checkers , Zac Dalpe 13 (Frederic Allard 6) at 8:24
8. Charlotte Checkers , Aleksi Heponiemi 10 (Lucas Carlsson 7, Austin Strand 5) at 11:44 (SH)
9. Charlotte Checkers , William Lockwood 6 (Aleksi Heponiemi 14, Austin Strand 6) at 17:22 (PP)
Billy Sweezey (CLE) for Cross-checking (Minor) at 2:16
Jonah Gadjovich (CHA) for Fighting (Major) at 4:53
Billy Sweezey (CLE) for Fighting (Major) at 4:53
Joseph Cramarossa (CHA) for Hooking (Minor) at 11:39
Tim Berni (CLE) for Holding (Minor) at 15:34
Goalie Stats
Craig Anderson (CLE), 21 saves from 27 shots - (0.778), L, 11-4-2, 48:24 minutes
Spencer Martin (CLE), 4 saves from 6 shots - (0.667), 11:36 minutes
Spencer Knight (CHA), 23 saves from 24 shots - (0.958), W, 12-3-0, 60:00 minutes
3 StarsOfficial
1 - Zac Dalpe (CHA)
2 - William Lockwood (CHA)
3 - Austin Strand (CHA)
Referees : Mike Duco and Francis Charron
Linesman : Steven Walsh and Brad Kovachik
Game Note
Billy Sweezey beats up Jonah Gadjovich at 4:53 of 3rd period
Spencer Martin enters game at 8:24 of 3rd period
Finance
Level 1 -- Attendance: 1759 (87.95%) -- Ticket Income $61,565
Level 2 -- Attendance: 1000 (100.00%) -- Ticket Income $15,000
Total Attendance: 2759 (91.97%)
Total Ticket Income: $76,565
Other Income: $37,517
Total Income: $114,082



Team Name Goals Shots Shots Attemp Shots Blocked PIM HIT PP PK FO%
Cleveland Monsters 124441513200 / 2 (0%)245%
Charlotte Checkers 83369109252 / 4 (50%)055%

Cleveland Monsters
Player Name POS G A P +/- PIM HIT SHT SB MP PP MP PP SHT PK MP PK SHT FO% FOT GA TA
Billy SweezeyD000-4930324:082:1501:4600% 011
Brendan GaunceC000-1030116:381:3601:37044% 900
Cameron ButlerRW000000003:030:0000:0000% 000
Carson MeyerRW000000000:000:0000:0000% 000
Damien GirouxC011-3005020:232:2200:00038% 2410
Georgii MerkulovLW000-1000014:230:0001:0000% 110
Hunter McKownC000-2012216:231:3600:00060% 500
Jake ChristiansenD000-1020120:121:4304:4200% 001
Josh DunneC000-1011117:280:0000:09050% 400
Justin DanforthRW0000011015:120:0000:000100% 102
Mason ShawC000-3012123:132:2204:35157% 1411
Ole Julian Bjorgvik-HolmD000-100005:130:0001:4800% 000
Quinn SchmiemannD000-2000017:572:1504:4700% 000
Samuel KnazkoD000-2000320:100:0000:0000% 010
Stanislav SvozilD0000000013:370:0000:0000% 001
Tim BerniD011-1440221:251:4301:2100% 000
Trey Fix-WolanskyRW101-3026124:392:2224:35050% 220
Tyler AngleC0000027018:391:3602:28320% 500
Charlotte Checkers
Player Name POS G A P +/- PIM HIT SHT SB MP PP MP PP SHT PK MP PK SHT FO% FOT GA TA
Aleksi HeponiemiC1121014020:033:2012:28133% 1800
Alexander TrueC1012233113:380:0000:0000% 000
Austin StrandD1230033023:284:3022:2000% 002
Casey FitzgeraldD0001001015:140:0000:0000% 000
Frederic AllardD0224002121:192:4211:3800% 011
Jonah GadjovichLW0110501015:393:5000:00056% 901
Joona LuotoLW0000041019:243:5211:180100% 310
Joseph CramarossaC0002200019:083:2000:0000% 000
Justin SourdifC000000000:000:0000:0000% 000
Logan HutskoC000000019:120:0200:00033% 600
Lucas CarlssonD0115041223:102:4202:2000% 010
Matt KierstedD000-1011221:364:3001:3800% 011
Patrick GilesLW000000106:070:0000:1200% 000
Riley BarberLW1122035014:020:0000:12067% 611
Rocco GrimaldiRW0222002015:030:0201:180100% 100
Santtu KinnunenD0001000215:130:0000:0000% 000
William LockwoodRW2132024018:583:2010:000100% 200
Zac DalpeC2133044124:453:5002:28065% 2011

Cleveland Monsters

5 vs 5 Forward
Line #Left WingCenterRight WingPHYDFOFWanted %Time %Time Play
1Josh DunneDamien GirouxTrey Fix-Wolansky1224038%18:30
2Justin DanforthTyler AngleMason Shaw1223031%15:01
3Georgii MerkulovBrendan GaunceHunter McKown1222027%13:08
4Damien GirouxHunter McKownMason Shaw122104%2:11
5 vs 5 Defense
Line #DefenseDefensePHYDFOFWanted %Time %Time Play
1Samuel KnazkoBilly Sweezey1224042%20:33
2Tim BerniStanislav Svozil1223031%14:57
3Jake ChristiansenQuinn Schmiemann1222021%10:07
4Tim BerniBilly Sweezey122107%3:13
Power Play Forward
Line #Left WingCenterRight WingPHYDFOFWanted %Time %Time Play
1Damien GirouxMason ShawTrey Fix-Wolansky1226060%2:22
2Hunter McKownTyler AngleBrendan Gaunce1224040%1:36
Power Play Defense
Line #DefenseDefensePHYDFOFWanted %Time %Time Play
1Quinn SchmiemannBilly Sweezey1226057%2:15
2Tim BerniJake Christiansen1224043%1:43
Penalty Kill 4 Players Forward
Line #CenterWingPHYDFOFWanted %Time %Time Play
1Mason ShawTrey Fix-Wolansky1226078%5:35
2Tyler AngleBrendan Gaunce1224022%1:37
Penalty Kill 4 Players Defense
Line #DefenseDefensePHYDFOFWanted %Time %Time Play
1Quinn SchmiemannBilly Sweezey1226063%4:34
2Tim BerniJake Christiansen1224037%2:38
Penalty Kill 3 Players
Line #WingPHYDFOFWanted %Time %Time PlayDefenseDefensePHYDFOFWanted %Time %Time Play
1Trey Fix-Wolansky122600%0:00 Quinn SchmiemannBilly Sweezey122600%0:00
2Tyler Angle122400%0:00 Tim BerniJake Christiansen122400%0:00
4 vs 4 Forward
Line #CenterWingPHYDFOFWanted %Time %Time Play
1Mason ShawTrey Fix-Wolansky122600%0:00
2Tyler AngleDamien Giroux122400%0:00
4 vs 4 Defense
Line #DefensePHYDFOFWanted %Time %Time Play
1Jake ChristiansenBilly Sweezey122600%0:00
2Tim BerniQuinn Schmiemann122400%0:00
Last Minutes Offensive
Left WingCenterRight WingDefenseDefense
Damien GirouxMason ShawTrey Fix-WolanskyTim BerniBilly Sweezey
Last Minutes Defensive
Left WingCenterRight WingDefenseDefense
Damien GirouxMason ShawTrey Fix-WolanskyTim BerniBilly Sweezey
Time
Total ForwardTotal DefenseLast Minutes OffensiveLast Minutes Defensive
60:00 60:00 0:000:00
Extra Forwards
Normal PowerPlayPenalty Kill
Trey Fix-Wolansky, Tyler Angle, Brendan GaunceTrey Fix-Wolansky, Tyler AngleTyler Angle
Extra Defensemen
Normal PowerPlayPenalty Kill
Jake Christiansen, Quinn Schmiemann, Billy SweezeyJake Christiansen, Jake ChristiansenQuinn Schmiemann
Penalty Shots
Tyler Angle, Mason Shaw, Trey Fix-Wolansky, Brendan Gaunce, Damien Giroux
Goalie
Craig Anderson, Spencer Martin
Custom OT Lines Forwards
Josh Dunne, Carson Meyer, Trey Fix-Wolansky, Damien Giroux, Mason Shaw, Tyler Angle, Brendan Gaunce, Hunter McKown, Justin Danforth, Georgii Merkulov
Custom OT Lines Defensemen
Stanislav Svozil, Billy Sweezey, Tim Berni, Quinn Schmiemann, Jake Christiansen
Scratches
Corson Ceulemans (Healthy), Jet Greaves (Healthy)

Charlotte Checkers

5 vs 5 Forward
Line #Left WingCenterRight WingPHYDFOFWanted %Time %Time Play
1Jonah GadjovichAleksi HeponiemiJoona Luoto1223529%14:19
2William LockwoodZac DalpeJoseph Cramarossa1223532%15:38
3Rocco GrimaldiRiley BarberAlexander True1222027%13:24
4Patrick GilesLogan HutskoZac Dalpe1221011%5:29
5 vs 5 Defense
Line #DefenseDefensePHYDFOFWanted %Time %Time Play
1Austin StrandMatt Kiersted1223535%17:06
2Lucas CarlssonFrederic Allard1223535%16:59
3Santtu KinnunenCasey Fitzgerald1223030%14:45
4Austin StrandLucas Carlsson12200%0:00
Power Play Forward
Line #Left WingCenterRight WingPHYDFOFWanted %Time %Time Play
1Joona LuotoJonah GadjovichZac Dalpe1226054%3:52
2William LockwoodAleksi HeponiemiJoseph Cramarossa1224046%3:20
Power Play Defense
Line #DefenseDefensePHYDFOFWanted %Time %Time Play
1Austin StrandMatt Kiersted1226063%4:30
2Frederic AllardLucas Carlsson1224038%2:42
Penalty Kill 4 Players Forward
Line #CenterWingPHYDFOFWanted %Time %Time Play
1Aleksi HeponiemiZac Dalpe1226067%2:40
2Joona LuotoRocco Grimaldi1224033%1:18
Penalty Kill 4 Players Defense
Line #DefenseDefensePHYDFOFWanted %Time %Time Play
1Austin StrandLucas Carlsson1226059%2:20
2Matt KierstedFrederic Allard1224041%1:38
Penalty Kill 3 Players
Line #WingPHYDFOFWanted %Time %Time PlayDefenseDefensePHYDFOFWanted %Time %Time Play
1Zac Dalpe122600%0:00 Austin StrandLucas Carlsson122600%0:00
2Alexander True122400%0:00 Frederic AllardMatt Kiersted122400%0:00
4 vs 4 Forward
Line #CenterWingPHYDFOFWanted %Time %Time Play
1Joona LuotoAleksi Heponiemi122600%0:00
2Zac DalpeRiley Barber122400%0:00
4 vs 4 Defense
Line #DefensePHYDFOFWanted %Time %Time Play
1Matt KierstedAustin Strand122600%0:00
2Santtu KinnunenLucas Carlsson122400%0:00
Last Minutes Offensive
Left WingCenterRight WingDefenseDefense
Joona LuotoJonah GadjovichZac DalpeAustin StrandLucas Carlsson
Last Minutes Defensive
Left WingCenterRight WingDefenseDefense
Joona LuotoJonah GadjovichZac DalpeAustin StrandMatt Kiersted
Time
Total ForwardTotal DefenseLast Minutes OffensiveLast Minutes Defensive
60:00 60:00 0:000:00
Extra Forwards
Normal PowerPlayPenalty Kill
Logan Hutsko, Joona Luoto, Zac DalpeJoona Luoto, Aleksi HeponiemiPatrick Giles
Extra Defensemen
Normal PowerPlayPenalty Kill
Santtu Kinnunen, Austin Strand, Lucas CarlssonMatt Kiersted, Frederic AllardAustin Strand
Penalty Shots
Logan Hutsko, Jonah Gadjovich, Zac Dalpe, Joona Luoto, Aleksi Heponiemi
Goalie
Spencer Knight, Cayden Primeau
Custom OT Lines Forwards
Patrick Giles, Logan Hutsko, Jonah Gadjovich, Zac Dalpe, Joona Luoto, William Lockwood, Aleksi Heponiemi, Joseph Cramarossa, Riley Barber, Rocco Grimaldi
Custom OT Lines Defensemen
Santtu Kinnunen, Austin Strand, Lucas Carlsson, Matt Kiersted, Frederic Allard
Scratches
Josh Davies (Healthy), Ryan McAllister (Healthy), Mackie Samoskevich (Healthy), Calle Sjalin (Healthy), Zach Uens (Healthy) Mack Guzda (Healthy)


Play-by-Play

1st period


0:01 of 1st period - Damien Giroux wins face-off versus Aleksi Heponiemi in neutral zone.
0:32 of 1st period - Snap shot by Tyler Angle.
0:32 of 1st period - Stopped by Spencer Knight without a rebound.
0:33 of 1st period - Riley Barber wins face-off versus Brendan Gaunce in Charlotte Checkers zone.
0:35 of 1st period - Minor Penalty to Alexander True for Slashing.
0:36 of 1st period - Mason Shaw wins face-off versus Aleksi Heponiemi in Charlotte Checkers zone.
0:52 of 1st period - Snap shot by Trey Fix-Wolansky.
0:52 of 1st period - Stopped by Spencer Knight without a rebound.
0:53 of 1st period - Joona Luoto wins face-off versus Tyler Angle in Charlotte Checkers zone.
1:04 of 1st period - Joona Luoto is hit by Hunter McKown and loses puck.
2:35 of 1st period - Penalty to Alexander True is over, Alexander True is back on ice.
2:41 of 1st period - Backhand shot by Tyler Angle.
2:41 of 1st period - Shot Misses the Net.
2:43 of 1st period - Snap shot by Tyler Angle.
2:43 of 1st period - Stopped by Spencer Knight with a rebound.
3:10 of 1st period - Icing by William Lockwood.
3:11 of 1st period - Joona Luoto wins face-off versus Josh Dunne in Charlotte Checkers zone.
3:30 of 1st period - Lucas Carlsson is hit by Tim Berni and loses puck.
3:54 of 1st period - Wrist shot by Aleksi Heponiemi.
3:54 of 1st period - Stopped by Craig Anderson without a rebound.
3:55 of 1st period - Aleksi Heponiemi wins face-off versus Tyler Angle in Cleveland Monsters zone.
4:27 of 1st period - Rocco Grimaldi is hit by Brendan Gaunce and loses puck.
4:49 of 1st period - Trey Fix-Wolansky is hit by Zac Dalpe and loses puck.
4:54 of 1st period - Wrist shot by Zac Dalpe.
4:54 of 1st period - Stopped by Craig Anderson without a rebound.
4:55 of 1st period - Brendan Gaunce wins face-off versus Aleksi Heponiemi in Cleveland Monsters zone.
5:08 of 1st period - Wrist shot by Hunter McKown.
5:08 of 1st period - Shot Blocked by Santtu Kinnunen.
8:23 of 1st period - Jake Christiansen is hit by Lucas Carlsson and loses puck.
8:52 of 1st period - Brendan Gaunce is hit by Austin Strand and loses puck.
9:21 of 1st period - Brendan Gaunce is hit by Zac Dalpe and loses puck.
10:46 of 1st period - Frederic Allard is hit by Billy Sweezey and loses puck.
11:17 of 1st period - Zac Dalpe is hit by Tim Berni and loses puck.
12:57 of 1st period - William Lockwood is hit by Josh Dunne and loses puck.
14:12 of 1st period - Tim Berni is hit by Riley Barber and loses puck.
15:08 of 1st period - Josh Dunne is hit by Austin Strand and loses puck.
15:44 of 1st period - Riley Barber is hit by Billy Sweezey and loses puck.
15:51 of 1st period - Billy Sweezey is hit by Riley Barber and loses puck.
17:10 of 1st period - Icing by Jonah Gadjovich.
17:11 of 1st period - Brendan Gaunce wins face-off versus Logan Hutsko in Charlotte Checkers zone.
17:12 of 1st period - Snap shot by Georgii Merkulov.
17:12 of 1st period - Shot Blocked by Matt Kiersted.
17:14 of 1st period - Snap shot by Brendan Gaunce.
17:14 of 1st period - Shot Blocked by Logan Hutsko.
17:26 of 1st period - Wrist shot by Riley Barber.
17:26 of 1st period - Stopped by Craig Anderson with a rebound.
17:28 of 1st period - Slapshot by Austin Strand.
17:28 of 1st period - Deflect By Rocco Grimaldi.
17:28 of 1st period - Shot Misses the Net.
17:28 of 1st period - Puck is out of play.
17:29 of 1st period - Riley Barber wins face-off versus Brendan Gaunce in Cleveland Monsters zone.
17:34 of 1st period - Slapshot by Rocco Grimaldi.
17:34 of 1st period - Deflect By Riley Barber.
17:34 of 1st period - Goal by Riley Barber - Cleveland Monsters : 0 - Charlotte Checkers : 1.
17:35 of 1st period - Zac Dalpe wins face-off versus Damien Giroux in neutral zone.
18:36 of 1st period - Jonah Gadjovich is hit by Brendan Gaunce and loses puck.
19:05 of 1st period - Slapshot by Joseph Cramarossa.
19:05 of 1st period - Shot Misses the Net.
19:07 of 1st period - Snap shot by William Lockwood.
19:07 of 1st period - Shot Hit the Post.
19:27 of 1st period - Wrist shot by Georgii Merkulov.
19:27 of 1st period - Shot Blocked by Matt Kiersted.
19:45 of 1st period - Icing by Billy Sweezey.
19:46 of 1st period - Damien Giroux wins face-off versus Logan Hutsko in Cleveland Monsters zone.
19:54 of 1st period - Off-side.
19:55 of 1st period - Damien Giroux wins face-off versus Zac Dalpe in neutral zone.
19:58 of 1st period - Wrist shot by William Lockwood.
19:58 of 1st period - Shot Misses the Net.
Goals for this period are 0 for Cleveland Monsters vs 1 for Charlotte Checkers.
Shots for this period are 3 for Cleveland Monsters vs 4 for Charlotte Checkers.

2nd period


0:01 of 2nd period - Zac Dalpe wins face-off versus Damien Giroux in neutral zone.
0:14 of 2nd period - Snap shot by Zac Dalpe.
0:14 of 2nd period - Shot Blocked by Samuel Knazko.
0:16 of 2nd period - Slapshot by Lucas Carlsson.
0:16 of 2nd period - Shot Blocked by Josh Dunne.
0:41 of 2nd period - Mason Shaw is hit by Joona Luoto and loses puck.
0:48 of 2nd period - Lucas Carlsson is hit by Tyler Angle and loses puck.
0:53 of 2nd period - Snap shot by Mason Shaw.
0:53 of 2nd period - Stopped by Spencer Knight with a rebound.
0:55 of 2nd period - Wrist shot by Tyler Angle.
0:55 of 2nd period - Stopped by Spencer Knight without a rebound.
0:56 of 2nd period - Zac Dalpe wins face-off versus Damien Giroux in Charlotte Checkers zone.
2:16 of 2nd period - Off-side.
2:17 of 2nd period - Rocco Grimaldi wins face-off versus Brendan Gaunce in neutral zone.
2:21 of 2nd period - Off-side.
2:22 of 2nd period - Damien Giroux wins face-off versus Riley Barber in neutral zone.
2:31 of 2nd period - Snap shot by Trey Fix-Wolansky.
2:31 of 2nd period - Stopped by Spencer Knight with a rebound.
2:33 of 2nd period - Snap shot by Trey Fix-Wolansky.
2:33 of 2nd period - Shot Misses the Net.
2:35 of 2nd period - Snap shot by Damien Giroux.
2:35 of 2nd period - Stopped by Spencer Knight with a rebound.
2:37 of 2nd period - Backhand shot by Billy Sweezey.
2:37 of 2nd period - Shot Blocked by Alexander True.
3:19 of 2nd period - Minor Penalty to Tim Berni for Slashing.
3:20 of 2nd period - Jonah Gadjovich wins face-off versus Mason Shaw in Cleveland Monsters zone.
3:20 of 2nd period - Snap shot by Zac Dalpe.
3:20 of 2nd period - Shot Blocked by Mason Shaw.
3:27 of 2nd period - Icing by Zac Dalpe.
3:28 of 2nd period - Jonah Gadjovich wins face-off versus Mason Shaw in Charlotte Checkers zone.
4:43 of 2nd period - Snap shot by Tyler Angle.
4:43 of 2nd period - Stopped by Spencer Knight with a rebound.
5:19 of 2nd period - Penalty to Tim Berni is over, Tim Berni is back on ice.
5:33 of 2nd period - Trey Fix-Wolansky is hit by Alexander True.
6:49 of 2nd period - Samuel Knazko is hit by Austin Strand and loses puck.
7:14 of 2nd period - Billy Sweezey is hit by Lucas Carlsson and loses puck.
7:25 of 2nd period - Tyler Angle is hit by Alexander True and loses puck.
7:40 of 2nd period - Logan Hutsko is hit by Billy Sweezey and loses puck.
7:45 of 2nd period - Wrist shot by Tyler Angle.
7:45 of 2nd period - Deflect By Justin Danforth.
7:45 of 2nd period - Shot Misses the Net.
7:45 of 2nd period - Puck is out of play.
7:46 of 2nd period - Riley Barber wins face-off versus Brendan Gaunce in Charlotte Checkers zone.
7:53 of 2nd period - Wrist shot by Riley Barber.
7:53 of 2nd period - Stopped by Craig Anderson without a rebound.
7:54 of 2nd period - Riley Barber wins face-off versus Brendan Gaunce in Cleveland Monsters zone.
8:16 of 2nd period - Snap shot by Rocco Grimaldi.
8:16 of 2nd period - Shot Blocked by Tim Berni.
8:22 of 2nd period - Snap shot by Rocco Grimaldi.
8:22 of 2nd period - Shot Misses the Net.
8:24 of 2nd period - Wrist shot by Alexander True.
8:24 of 2nd period - Shot Misses the Net.
8:26 of 2nd period - Snap shot by Casey Fitzgerald.
8:26 of 2nd period - Stopped by Craig Anderson with a rebound.
8:28 of 2nd period - Snap shot by Rocco Grimaldi.
8:28 of 2nd period - Stopped by Craig Anderson with a rebound.
8:30 of 2nd period - Slapshot by Casey Fitzgerald.
8:30 of 2nd period - Shot Blocked by Brendan Gaunce.
8:32 of 2nd period - Slapshot by Alexander True.
8:32 of 2nd period - Stopped by Craig Anderson with a rebound.
8:34 of 2nd period - Wrist shot by Rocco Grimaldi.
8:34 of 2nd period - Shot Blocked by Tim Berni.
8:36 of 2nd period - Slapshot by Riley Barber.
8:36 of 2nd period - Shot Misses the Net.
8:38 of 2nd period - Slapshot by Casey Fitzgerald.
8:38 of 2nd period - Shot Misses the Net.
8:40 of 2nd period - Snap shot by Alexander True.
8:40 of 2nd period - Shot Misses the Net.
8:42 of 2nd period - Wrist shot by Riley Barber.
8:42 of 2nd period - Shot Blocked by Hunter McKown.
8:44 of 2nd period - Snap shot by Alexander True.
8:44 of 2nd period - Deflect By Riley Barber.
8:44 of 2nd period - Shot Hit the Post.
8:44 of 2nd period - Puck is out of play.
8:45 of 2nd period - Zac Dalpe wins face-off versus Damien Giroux in Cleveland Monsters zone.
8:55 of 2nd period - Off-side.
8:56 of 2nd period - William Lockwood wins face-off versus Damien Giroux in neutral zone.
9:04 of 2nd period - Snap shot by Trey Fix-Wolansky.
9:04 of 2nd period - Stopped by Spencer Knight with a rebound.
9:06 of 2nd period - Snap shot by Damien Giroux.
9:06 of 2nd period - Shot Blocked by Lucas Carlsson.
9:44 of 2nd period - Icing by Justin Danforth.
9:45 of 2nd period - Tyler Angle wins face-off versus Logan Hutsko in Cleveland Monsters zone.
10:12 of 2nd period - Wrist shot by Jonah Gadjovich.
10:12 of 2nd period - Deflect By Aleksi Heponiemi.
10:12 of 2nd period - Shot Misses the Net.
10:12 of 2nd period - Puck is out of play.
10:13 of 2nd period - Hunter McKown wins face-off versus Aleksi Heponiemi in Cleveland Monsters zone.
10:40 of 2nd period - Samuel Knazko is hit by Zac Dalpe.
11:04 of 2nd period - Alexander True is hit by Tyler Angle and loses puck.
11:09 of 2nd period - Wrist shot by Tyler Angle.
11:09 of 2nd period - Shot Blocked by Frederic Allard.
11:38 of 2nd period - Stanislav Svozil is hit by Aleksi Heponiemi and loses puck.
11:54 of 2nd period - Justin Danforth is hit by Matt Kiersted and loses puck.
12:21 of 2nd period - Slapshot by Joseph Cramarossa.
12:21 of 2nd period - Shot Misses the Net.
12:23 of 2nd period - Slapshot by Matt Kiersted.
12:23 of 2nd period - Stopped by Craig Anderson without a rebound.
12:24 of 2nd period - Damien Giroux wins face-off versus Zac Dalpe in Cleveland Monsters zone.
14:11 of 2nd period - Slapshot by Austin Strand.
14:11 of 2nd period - Stopped by Craig Anderson with a rebound.
14:18 of 2nd period - Icing by Billy Sweezey.
14:19 of 2nd period - Zac Dalpe wins face-off versus Damien Giroux in Cleveland Monsters zone.
14:30 of 2nd period - Wrist shot by Zac Dalpe.
14:30 of 2nd period - Goal by Zac Dalpe - Cleveland Monsters : 0 - Charlotte Checkers : 2.
14:31 of 2nd period - Zac Dalpe wins face-off versus Hunter McKown in neutral zone.
14:36 of 2nd period - Snap shot by William Lockwood.
14:36 of 2nd period - Goal by William Lockwood - Cleveland Monsters : 0 - Charlotte Checkers : 3.
14:37 of 2nd period - Hunter McKown wins face-off versus Zac Dalpe in neutral zone.
14:44 of 2nd period - Snap shot by Joseph Cramarossa.
14:44 of 2nd period - Shot Blocked by Billy Sweezey.
14:46 of 2nd period - Slapshot by Zac Dalpe.
14:46 of 2nd period - Shot Misses the Net.
14:48 of 2nd period - Snap shot by William Lockwood.
14:48 of 2nd period - Shot Misses the Net.
14:50 of 2nd period - Wrist shot by Matt Kiersted.
14:50 of 2nd period - Shot Blocked by Samuel Knazko.
14:52 of 2nd period - Wrist shot by William Lockwood.
14:52 of 2nd period - Stopped by Craig Anderson with a rebound.
15:33 of 2nd period - Backhand shot by Logan Hutsko.
15:33 of 2nd period - Shot Blocked by Hunter McKown.
15:35 of 2nd period - Wrist shot by Patrick Giles.
15:35 of 2nd period - Stopped by Craig Anderson without a rebound.
15:36 of 2nd period - Logan Hutsko wins face-off versus Damien Giroux in Cleveland Monsters zone.
15:47 of 2nd period - Snap shot by Lucas Carlsson.
15:47 of 2nd period - Stopped by Craig Anderson without a rebound.
15:48 of 2nd period - Aleksi Heponiemi wins face-off versus Tyler Angle in Cleveland Monsters zone.
15:59 of 2nd period - Snap shot by Jonah Gadjovich.
15:59 of 2nd period - Stopped by Craig Anderson with a rebound.
16:01 of 2nd period - Slapshot by Frederic Allard.
16:01 of 2nd period - Shot Blocked by Samuel Knazko.
16:03 of 2nd period - Snap shot by Jonah Gadjovich.
16:03 of 2nd period - Shot Blocked by Billy Sweezey.
16:21 of 2nd period - Wrist shot by Rocco Grimaldi.
16:21 of 2nd period - Stopped by Craig Anderson with a rebound.
16:23 of 2nd period - Wrist shot by Riley Barber.
16:23 of 2nd period - Stopped by Craig Anderson without a rebound.
16:24 of 2nd period - Zac Dalpe wins face-off versus Damien Giroux in Cleveland Monsters zone.
16:29 of 2nd period - Snap shot by Zac Dalpe.
16:29 of 2nd period - Stopped by Craig Anderson without a rebound.
16:30 of 2nd period - William Lockwood wins face-off versus Damien Giroux in Cleveland Monsters zone.
16:43 of 2nd period - Snap shot by Damien Giroux.
16:43 of 2nd period - Stopped by Spencer Knight without a rebound.
16:44 of 2nd period - Jonah Gadjovich wins face-off versus Hunter McKown in Charlotte Checkers zone.
16:49 of 2nd period - Wrist shot by Frederic Allard.
16:49 of 2nd period - Stopped by Craig Anderson with a rebound.
16:53 of 2nd period - Wrist shot by Aleksi Heponiemi.
16:53 of 2nd period - Shot Misses the Net.
16:55 of 2nd period - Slapshot by Joona Luoto.
16:55 of 2nd period - Shot Misses the Net.
17:28 of 2nd period - Jake Christiansen is hit by Riley Barber and loses puck.
17:49 of 2nd period - Snap shot by Zac Dalpe.
17:49 of 2nd period - Shot Blocked by Jake Christiansen.
17:55 of 2nd period - Jake Christiansen is hit by Zac Dalpe and loses puck.
18:10 of 2nd period - Wrist shot by Aleksi Heponiemi.
18:10 of 2nd period - Stopped by Craig Anderson with a rebound.
18:28 of 2nd period - Snap shot by Rocco Grimaldi.
18:28 of 2nd period - Shot Blocked by Billy Sweezey.
18:30 of 2nd period - Snap shot by Alexander True.
18:30 of 2nd period - Stopped by Craig Anderson with a rebound.
18:32 of 2nd period - Slapshot by Lucas Carlsson.
18:32 of 2nd period - Shot Misses the Net.
18:38 of 2nd period - Minor Penalty to Billy Sweezey for Holding.
18:39 of 2nd period - Mason Shaw wins face-off versus Jonah Gadjovich in Cleveland Monsters zone.
18:44 of 2nd period - Slapshot by Mason Shaw.
18:44 of 2nd period - Stopped by Spencer Knight with a rebound.
19:58 of 2nd period - Joona Luoto is hit by Jake Christiansen and loses puck.
Goals for this period are 0 for Cleveland Monsters vs 2 for Charlotte Checkers.
Shots for this period are 8 for Cleveland Monsters vs 18 for Charlotte Checkers.

3rd period


0:01 of 3rd period - Jonah Gadjovich wins face-off versus Mason Shaw in neutral zone.
0:04 of 3rd period - Slapshot by Austin Strand.
0:04 of 3rd period - Goal by Austin Strand - Cleveland Monsters : 0 - Charlotte Checkers : 4.
0:05 of 3rd period - Zac Dalpe wins face-off versus Damien Giroux in neutral zone.
0:08 of 3rd period - Billy Sweezey is hit by William Lockwood and loses puck.
0:28 of 3rd period - Icing by Joseph Cramarossa.
0:29 of 3rd period - Aleksi Heponiemi wins face-off versus Tyler Angle in Charlotte Checkers zone.
0:29 of 3rd period - Aleksi Heponiemi is hit by Tim Berni.
0:35 of 3rd period - Slapshot by Frederic Allard.
0:35 of 3rd period - Shot Misses the Net.
1:01 of 3rd period - Wrist shot by Damien Giroux.
1:01 of 3rd period - Stopped by Spencer Knight with a rebound.
1:03 of 3rd period - Backhand shot by Tim Berni.
1:03 of 3rd period - Shot Misses the Net.
1:05 of 3rd period - Wrist shot by Trey Fix-Wolansky.
1:05 of 3rd period - Goal by Trey Fix-Wolansky - Cleveland Monsters : 1 - Charlotte Checkers : 4.
1:06 of 3rd period - Zac Dalpe wins face-off versus Damien Giroux in neutral zone.
1:22 of 3rd period - Snap shot by Trey Fix-Wolansky.
1:22 of 3rd period - Shot Misses the Net.
2:00 of 3rd period - Icing by Billy Sweezey.
2:01 of 3rd period - Justin Danforth wins face-off versus Zac Dalpe in Cleveland Monsters zone.
2:01 of 3rd period - Justin Danforth is hit by Lucas Carlsson.
2:16 of 3rd period - Minor Penalty to Billy Sweezey for Cross-checking.
2:17 of 3rd period - Mason Shaw wins face-off versus Jonah Gadjovich in Cleveland Monsters zone.
2:26 of 3rd period - Jake Christiansen is hit by Joona Luoto and loses puck.
2:48 of 3rd period - Icing by Matt Kiersted.
2:49 of 3rd period - Brendan Gaunce wins face-off versus Aleksi Heponiemi in Charlotte Checkers zone.
2:54 of 3rd period - Wrist shot by Tyler Angle.
2:54 of 3rd period - Stopped by Spencer Knight with a rebound.
2:56 of 3rd period - Snap shot by Tyler Angle.
2:56 of 3rd period - Stopped by Spencer Knight without a rebound.
2:57 of 3rd period - Mason Shaw wins face-off versus Jonah Gadjovich in Charlotte Checkers zone.
3:07 of 3rd period - Off-side.
3:08 of 3rd period - Joona Luoto wins face-off versus Trey Fix-Wolansky in neutral zone.
3:25 of 3rd period - Austin Strand is hit by Trey Fix-Wolansky.
4:16 of 3rd period - Penalty to Billy Sweezey is over, Billy Sweezey is back on ice.
4:25 of 3rd period - Wrist shot by Rocco Grimaldi.
4:25 of 3rd period - Deflect By Riley Barber.
4:25 of 3rd period - Stopped by Craig Anderson with a rebound.
4:31 of 3rd period - Snap shot by Riley Barber.
4:31 of 3rd period - Shot Hit the Post.
4:33 of 3rd period - Backhand shot by Alexander True.
4:33 of 3rd period - Goal by Alexander True - Cleveland Monsters : 1 - Charlotte Checkers : 5.
4:34 of 3rd period - Brendan Gaunce wins face-off versus Zac Dalpe in neutral zone.
4:40 of 3rd period - Samuel Knazko is hit by Lucas Carlsson and loses puck.
4:49 of 3rd period - Backhand shot by William Lockwood.
4:49 of 3rd period - Stopped by Craig Anderson without a rebound.
4:50 of 3rd period - Josh Dunne wins face-off versus Aleksi Heponiemi in Cleveland Monsters zone.
4:50 of 3rd period - Josh Dunne is hit by Joona Luoto.
4:53 of 3rd period - Billy Sweezey beats up Jonah Gadjovich.
4:53 of 3rd period - Penalty to Jonah Gadjovich for Fighting.
4:53 of 3rd period - Penalty to Billy Sweezey for Fighting.
4:54 of 3rd period - Josh Dunne wins face-off versus Aleksi Heponiemi in Cleveland Monsters zone.
5:05 of 3rd period - Snap shot by Damien Giroux.
5:05 of 3rd period - Stopped by Spencer Knight without a rebound.
5:06 of 3rd period - Damien Giroux wins face-off versus Zac Dalpe in Charlotte Checkers zone.
5:56 of 3rd period - Slapshot by Tim Berni.
5:56 of 3rd period - Shot Misses the Net.
5:58 of 3rd period - Slapshot by Hunter McKown.
5:58 of 3rd period - Shot Blocked by Lucas Carlsson.
6:00 of 3rd period - Slapshot by Hunter McKown.
6:00 of 3rd period - Stopped by Spencer Knight without a rebound.
6:01 of 3rd period - Damien Giroux wins face-off versus Zac Dalpe in Charlotte Checkers zone.
6:02 of 3rd period - Snap shot by Trey Fix-Wolansky.
6:02 of 3rd period - Stopped by Spencer Knight with a rebound.
6:27 of 3rd period - Casey Fitzgerald is hit by Justin Danforth and loses puck.
7:11 of 3rd period - Frederic Allard is hit by Tim Berni and loses puck.
7:50 of 3rd period - Wrist shot by Brendan Gaunce.
7:50 of 3rd period - Shot Blocked by Santtu Kinnunen.
8:03 of 3rd period - Icing by Joona Luoto.
8:04 of 3rd period - Trey Fix-Wolansky wins face-off versus Aleksi Heponiemi in Charlotte Checkers zone.
8:09 of 3rd period - Wrist shot by Damien Giroux.
8:09 of 3rd period - Deflect By Trey Fix-Wolansky.
8:09 of 3rd period - Shot Misses the Net.
8:09 of 3rd period - Puck is out of play.
8:10 of 3rd period - Zac Dalpe wins face-off versus Damien Giroux in Charlotte Checkers zone.
8:10 of 3rd period - Zac Dalpe is hit by Jake Christiansen.
8:22 of 3rd period - Slapshot by Zac Dalpe.
8:22 of 3rd period - Shot Misses the Net.
8:24 of 3rd period - Wrist shot by Zac Dalpe.
8:24 of 3rd period - Goal by Zac Dalpe - Cleveland Monsters : 1 - Charlotte Checkers : 6.
8:24 of 3rd period - Spencer Martin enters game.
8:25 of 3rd period - Damien Giroux wins face-off versus Aleksi Heponiemi in neutral zone.
8:56 of 3rd period - Snap shot by Mason Shaw.
8:56 of 3rd period - Shot Blocked by Zac Dalpe.
8:58 of 3rd period - Slapshot by Samuel Knazko.
8:58 of 3rd period - Shot Misses the Net.
9:00 of 3rd period - Slapshot by Jake Christiansen.
9:00 of 3rd period - Shot Misses the Net.
9:02 of 3rd period - Snap shot by Tyler Angle.
9:02 of 3rd period - Stopped by Spencer Knight with a rebound.
9:58 of 3rd period - Samuel Knazko is hit by Alexander True and loses puck.
11:39 of 3rd period - Minor Penalty to Joseph Cramarossa for Hooking.
11:40 of 3rd period - Aleksi Heponiemi wins face-off versus Mason Shaw in Charlotte Checkers zone.
11:44 of 3rd period - Slapshot by Lucas Carlsson.
11:44 of 3rd period - Deflect By Aleksi Heponiemi.
11:44 of 3rd period - Goal by Aleksi Heponiemi - Cleveland Monsters : 1 - Charlotte Checkers : 7.
11:45 of 3rd period - Mason Shaw wins face-off versus Aleksi Heponiemi in neutral zone.
11:52 of 3rd period - Snap shot by Trey Fix-Wolansky.
11:52 of 3rd period - Stopped by Spencer Knight without a rebound.
11:53 of 3rd period - Aleksi Heponiemi wins face-off versus Mason Shaw in Charlotte Checkers zone.
12:01 of 3rd period - Off-side.
12:02 of 3rd period - Mason Shaw wins face-off versus Aleksi Heponiemi in neutral zone.
12:19 of 3rd period - Lucas Carlsson is hit by Trey Fix-Wolansky and loses puck.
13:03 of 3rd period - Aleksi Heponiemi is hit by Mason Shaw and loses puck.
13:20 of 3rd period - Hunter McKown is hit by Joona Luoto and loses puck.
13:39 of 3rd period - Penalty to Joseph Cramarossa is over, Joseph Cramarossa is back on ice.
13:57 of 3rd period - Riley Barber is hit by Brendan Gaunce and loses puck.
14:28 of 3rd period - Wrist shot by Justin Danforth.
14:28 of 3rd period - Deflect By Josh Dunne.
14:28 of 3rd period - Stopped by Spencer Knight without a rebound.
14:29 of 3rd period - Aleksi Heponiemi wins face-off versus Josh Dunne in Charlotte Checkers zone.
14:44 of 3rd period - Snap shot by Justin Danforth.
14:44 of 3rd period - Stopped by Spencer Knight without a rebound.
14:45 of 3rd period - Hunter McKown wins face-off versus Riley Barber in Charlotte Checkers zone.
14:46 of 3rd period - Wrist shot by Damien Giroux.
14:46 of 3rd period - Stopped by Spencer Knight with a rebound.
14:54 of 3rd period - Snap shot by Mason Shaw.
14:54 of 3rd period - Deflect By Hunter McKown.
14:54 of 3rd period - Stopped by Spencer Knight with a rebound.
15:34 of 3rd period - Minor Penalty to Tim Berni for Holding.
15:35 of 3rd period - Mason Shaw wins face-off versus Jonah Gadjovich in Cleveland Monsters zone.
15:44 of 3rd period - Snap shot by Frederic Allard.
15:44 of 3rd period - Stopped by Spencer Martin without a rebound.
15:45 of 3rd period - Jonah Gadjovich wins face-off versus Mason Shaw in Cleveland Monsters zone.
16:06 of 3rd period - Wrist shot by Joona Luoto.
16:06 of 3rd period - Stopped by Spencer Martin with a rebound.
16:16 of 3rd period - Snap shot by Zac Dalpe.
16:16 of 3rd period - Deflect By Billy Sweezey.
16:16 of 3rd period - Shot Misses the Net.
16:16 of 3rd period - Puck is out of play.
16:17 of 3rd period - Mason Shaw wins face-off versus Aleksi Heponiemi in Cleveland Monsters zone.
16:17 of 3rd period - Mason Shaw is hit by William Lockwood.
16:57 of 3rd period - Slapshot by Austin Strand.
16:57 of 3rd period - Deflect By Mason Shaw.
16:57 of 3rd period - Stopped by Spencer Martin with a rebound.
17:20 of 3rd period - Snap shot by Aleksi Heponiemi.
17:20 of 3rd period - Stopped by Spencer Martin with a rebound.
17:22 of 3rd period - Snap shot by William Lockwood.
17:22 of 3rd period - Goal by William Lockwood - Cleveland Monsters : 1 - Charlotte Checkers : 8.
17:23 of 3rd period - Logan Hutsko wins face-off versus Damien Giroux in neutral zone.
17:25 of 3rd period - Off-side.
17:26 of 3rd period - Damien Giroux wins face-off versus Logan Hutsko in neutral zone.
18:30 of 3rd period - Icing by Samuel Knazko.
18:31 of 3rd period - Zac Dalpe wins face-off versus Damien Giroux in Cleveland Monsters zone.
18:38 of 3rd period - Snap shot by Joseph Cramarossa.
18:38 of 3rd period - Deflect By Zac Dalpe.
18:38 of 3rd period - Shot Blocked by Trey Fix-Wolansky.
18:38 of 3rd period - Puck is out of play.
18:39 of 3rd period - Zac Dalpe wins face-off versus Damien Giroux in Cleveland Monsters zone.
19:08 of 3rd period - Icing by Santtu Kinnunen.
19:09 of 3rd period - Zac Dalpe wins face-off versus Georgii Merkulov in Charlotte Checkers zone.
19:54 of 3rd period - Slapshot by Georgii Merkulov.
19:54 of 3rd period - Shot Misses the Net.
Goals for this period are 1 for Cleveland Monsters vs 5 for Charlotte Checkers.
Shots for this period are 13 for Cleveland Monsters vs 11 for Charlotte Checkers.